 Dungeon Crawl Stone Soup version 0.27.0-1-g7a089689b8 (webtiles) character file.

Game seed: 15122472368696142239

18 MajorAdolf the Stinger (level 2, -1/25 HPs)
             Began as a Naga Wanderer on Aug 8, 2021.
             Slain by Terence (6 damage)
             ... on level 2 of the Dungeon.
             The game lasted 00:01:10 (496 turns).

MajorAdolf the Stinger (Naga Wanderer)               Turns: 496, Time: 00:01:11

Health: -1/25      AC:  1    Str: 13    XL:     2   Next: 70%
Magic:  3/3        EV:  9    Int: 13    God:
Gold:   0          SH:  0    Dex: 10    Spells: 2/3 levels left

rFire    . . .     SeeInvis +   a - +2 dagger
rCold    . . .     Faith    .   (no shield)
rNeg     . . .     Spirit   .   d - +0 robe
rPois    +         Reflect  .   (no helmet)
rElec    .         Harm     .   (no cloak)
rCorr    .         Rampage  .   (no gloves)
Will     .....                  (no barding)
Stlth    ++........             (no amulet)
HPRegen  0.08/turn              (no ring)
MPRegen  0.08/turn              (no ring)

@: short of breath, very slow
A: AC +0, large, see invisible, deformed body, poison resistance, slowness 2,
spit poison 1, naga tail 1
a: Spit Poison


You were on level 2 of the Dungeon.
You visited 1 branch of the dungeon, and saw 2 of its levels.

Inventory:

Hand Weapons
 a - a +2 dagger (weapon)
Missiles
 b - 2 curare-tipped darts
Armour
 d - a +0 robe (worn)
Potions
 c - a potion of lignification
 e - a potion of heal wounds {unknown}


   Skills:
 - Level 1.0 Fighting
 - Level 1.0 Throwing
 - Level 1.5 Armour
 + Level 3.7 Stealth
 - Level 1.0 Spellcasting
 - Level 5.3 Poison Magic
 - Level 1.0 Evocations


You had 2 spell levels left.
You knew the following spells:

 Your Spells              Type           Power      Damage    Failure   Level
a - Foxfire               Conj/Fire      0%         2x1d4     28%         1

Your spell library contained the following spells:

 Spells                   Type           Power      Damage    Failure   Level
 Mephitic Cloud           Conj/Pois/Air  5%         N/A       38%         3


Dungeon Overview and Level Annotations

Branches:
Dungeon (1/15)

Altars:

Annotations:
D:2 Terence


Innate Abilities, Weirdness & Mutations

Your serpentine skin is tough. (AC +0)
You have supernaturally acute eyesight. (SInv)
Armour fits poorly on your strangely shaped body.
Your system is resistant to poisons. (rPois)
You cover ground very slowly.
You can spit poison.
You have a snake-like lower body.


Message History

HP restored.
You open the door.
There is an open door here.
Terence the Incautious comes into view.
He is wielding a +0 flail.
Terence moves out of view.
Found a runed dagger.
Terence is nearby!
Press: ? - help, Shift-Dir - straight line, f - Terence
Aim: Terence, wielding a +0 flail and wearing a +0 scale mail The splash of poison hits Terence.
Terence is poisoned.
Terence is moderately wounded.
Terence hits you with a +0 flail.
You have got your breath back.
Terence looks more healthy.
Press: ? - help, Shift-Dir - straight line, f/p - Terence
Aim: Terence, wielding a +0 flail and wearing a +0 scale mail (heavily wounded)
The splash of poison hits Terence.
Terence is poisoned.
Terence is severely wounded.
Terence closely misses you.
Unknown command.
Terence barely misses you.
Terence drinks a potion.
Terence is healed!
Terence looks more healthy.
You have got your breath back.
Press: ? - help, Shift-Dir - straight line, f/p - Terence
Aim: Terence, wielding a +0 flail and wearing a +0 scale mail (heavily wounded)
The splash of poison hits Terence.
Terence is severely wounded.
Terence hits you with a +0 flail!
Unknown command.
Terence screams, "I want your blood!" Terence hits you with a +0 flail!
* * * LOW HITPOINT WARNING * * *
You have got your breath back.
Press: ? - help, Shift-Dir - straight line, f/p - Terence
Aim: Terence, wielding a +0 flail and wearing a +0 scale mail (severely wounded)
The splash of poison hits Terence but does no damage.
Terence is poisoned.
Terence is severely wounded.
Terence hits you with a +0 flail.
You die...

..............)
#+# #...# #.#
#...# #####.#
#...# +...#.#
#...# ###.#.#
#...# #.#.#
#...#
#.#'###...#
#..@@..####
#......#
#......#
#.#'####
#.#........
#.#########
###.# #.†.#
#.###


You could see Terence (poisoned).

Vanquished Creatures
  2 adders (D:2)
  A rat (D:2)
3 creatures vanquished.

Vanquished Creatures (others)
  7 foxfires (D:2)
7 creatures vanquished.

Grand Total: 10 creatures vanquished

Notes
Turn   | Place    | Note
-------+----------+-------------------------------------------
     0 | D:1      | MajorAdolf the Naga Wanderer began the quest for the Orb.
     0 | D:1      | MajorAdolf set off with the following items: a +2 dagger, 2
                  | curare-tipped darts, a potion of lignification, a +0 robe;
                  | and the following spell memorised: Foxfire; and the
                  | following spells available to memorise: Mephitic Cloud
     0 | D:1      | Reached XP level 1. HP: 18/18 MP: 2/2
    20 | D:1      | You fall into a shaft and drop 1 floor!
    34 | D:2      | Reached XP level 2. HP: 10/25 MP: 1/3
   481 | D:2      | Noticed Terence
   496 | D:2      | Slain by Terence

Illustrated notes

Levels and vault maps discovered:
D:1:      dpeg_arrival_stone_temple_mockup, layout_basic, serial_shops, shop
D:2:      layout_basic, uniq_natasha, uniq_crazy_yiuf_cottage, uniq_terence

Skill      XL: |  1  2 |
---------------+-------+-----
Stealth        | 2 3 |  3.7
Fighting       | |  1.0
Throwing       | |  1.0
Armour         | |  1.5
Spellcasting   | |  1.0
Poison Magic   | |  5.3
Evocations     | |  1.0

Action                   || total
-------------------------++-------
Melee: Dagger            ||    11
Throw: Dart              ||     1
 Cast: Foxfire           ||     4
 Abil: Spit Poison       ||     6
Armor: Robe              ||     2
Dodge: Dodged            ||     9
